 Dungeon Crawl Stone Soup version 0.18.1-6-gd335043 (webtiles) character file.

144 M4edhros the Shield-Bearer (level 5, -5/41 HPs)
             Began as a Formicid Fighter on May 18, 2016.
             Slain by an orc priest
             ... wielding a +0 morningstar
              (10 damage)
             ... on level 4 of the Dungeon.
             The game lasted 00:01:30 (447 turns).

M4edhros the Shield-Bearer (Formicid Fighter)        Turns: 447, Time: 00:01:31

Health: -5/41      AC:  6    Str: 26    XL:     5   Next: 52%
Magic:  5/5        EV:  8    Int:  7    God:
Gold:   25         SH: 10    Dex: 11    Spells: 0 memorised, 4 levels left

rFire  . . .     SeeInvis +     a - +0 trident
rCold  . . .     Gourm    .     b - +0 scale mail
rNeg   . . .     Faith    .     c - +0 shield
rPois  .         Spirit   .     (helmet unavailable)
rElec  .         Dismiss  .     (no cloak)
rCorr  .         Reflect  .     (no gloves)
SustAt .         Harm     .     (no boots)
MR     .....                    (no amulet)
Stlth  ..........               (no ring)
                                (no ring)

@: mighty, not resistant to hostile enchantments, extremely unstealthy
A: permanent stasis, dig shafts and tunnels, four strong arms, antennae 3
a: Dig, Shaft Self


You were on level 4 of the Dungeon.
You were not hungry.

You visited 1 branch of the dungeon, and saw 4 of its levels.

You collected 25 gold pieces.

Inventory:

Hand Weapons
 a - a +0 trident (weapon)
Armour
 b - a +0 scale mail (worn)
 c - a +0 shield (worn)
Scrolls
 e - 5 scrolls of remove curse {unknown}
 i - 3 scrolls of identify {unknown}
Potions
 g - a potion of cancellation {unknown}
 h - a potion of brilliance {unknown}
 j - a potion of curing {unknown}
Comestibles
 f - a bread ration


   Skills:
 - Level 3.2 Fighting
 + Level 4.0 Polearms
 - Level 3.2 Armour
 + Level 5.5 Shields


You had 4 spell levels left.
You didn't know any spells.

Dungeon Overview and Level Annotations

Branches:
Dungeon (4/15)
 Temple: D:4-7

Altars:
Nemelex Xobeh


Innate Abilities, Weirdness & Mutations

You are under a permanent stasis effect.
You can dig through walls and to a lower floor.
Your four strong arms can wield two-handed weapons with a shield.
You have a pair of large antennae on your head (SInv).


Message History

* * * LOW HITPOINT WARNING * * *
You are too injured to fight recklessly!
You are too injured to fight recklessly!
You are too injured to fight recklessly!
You hit the ogre.
You kill the ogre!
Your Polearms skill increases to level 4!
Your Shields skill increases to level 5!
You have reached level 5!
You swing at nothing.
An orc priest comes into view. It is wielding a morningstar.
You barely miss the orc priest.
You hear a shout!
The orc priest hits you with a morningstar!
* * * LOW HITPOINT WARNING * * *
An orc comes into view. It is wielding a club.
You puncture the orc priest!
The orc priest is almost dead.
The orc priest hits you with a morningstar!
You die...

#.############.
##'#..........#
#....########.#
#)...# #....###
#......#
####......#
#.........#
#.......@.#
#...#.#o###
#...#.#o...O...
#.. #.###....#.
...... ##.#. #


You could see an orc priest and an orc.

Vanquished Creatures
  An ogre (D:4)
  An adder (D:3)
  A worm (D:4)
  A giant gecko (D:1)
  2 orcs (D:4)
  2 bats
  3 giant cockroaches (D:1)
  5 goblins
  6 hobgoblins
  7 jackals (D:3)
  2 quokkas
  A giant newt (D:1)
  5 rats
37 creatures vanquished.

Notes
Turn   | Place    | Note
--------------------------------------------------------------
     0 | D:1      | M4edhros the Formicid Fighter began the quest for the Orb.
     0 | D:1      | Reached XP level 1. HP: 18/18 MP: 1/1
    60 | D:1      | Reached XP level 2. HP: 21/24 MP: 2/2
    64 | D:1      | Reached skill level 4 in Shields
   209 | D:1      | Reached XP level 3. HP: 29/29 MP: 3/3
   338 | D:3      | Reached XP level 4. HP: 28/35 MP: 4/4
   346 | D:3      | Found a sparkling altar of Nemelex Xobeh.
   433 | D:4      | Noticed an ogre
   444 | D:4      | Killed an ogre
   444 | D:4      | Reached skill level 5 in Shields
   444 | D:4      | Reached XP level 5. HP: 12/41 MP: 5/5
   447 | D:4      | Slain by an orc priest

Skill      XL: |  1  2  3  4 |
---------------+-------------+-----
Shields        | 4 5 |  5.5
Polearms       | 3 4 |  4.0
Fighting       | |  3.2
Armour         | |  3.2

Action                   |  1- 3 |  4- 6 || total
-------------------------+-------+-------++-------
Melee: Trident           |   110 |    19 ||   129
  Use: Potion            |       |     1 ||     1
Armor: Scale mail        |    30 |     1 ||    31
Dodge: Dodged            |    24 |     3 ||    27
Block: Shield            |    62 |     5 ||    67
